 Dungeon Crawl Stone Soup version 0.25-a0-804-g50c693f418 (webtiles) character file.

Game seed: 14406301922751516720, levelgen mode: deterministic

587 Flugkiller the Skirmisher (level 7, 0/60 HPs)
             Began as a Barachi Artificer on Apr 19, 2020.
             Was an Initiate of Ru.
             Slain by a phantom (6 damage)
             ... on level 8 of the Dungeon.
             The game lasted 00:10:58 (4519 turns).

Flugkiller the Skirmisher (Barachi Artificer)       Turns: 4519, Time: 00:10:59

Health: 0/60       AC: 11    Str: 14    XL:     7   Next: 38%
Magic:  9/9        EV:  7    Int: 11    God:    Ru [......]
Gold:   183        SH:  0    Dex: 14    Spells: 6/6 levels left

rFire    . . .     SeeInvis .   D - +2 trident (vamp)
rCold    . . .     Gourm    .   (no shield)
rNeg     . . .     Faith    .   B - +0 chain mail
rPois    .         Spirit   .   (no helmet)
rElec    .         Reflect  .   n - +2 cloak
rCorr    .         Harm     .   (no gloves)
MR       .....                  (no boots)
Stlth    ..........             (no amulet)
HPRegen  0.20/turn              (no ring)
MPRegen  0.11/turn              (no ring)

@: very slightly contaminated, invisible, slow
A: +LOS, swims, slowness 1, strong legs 1
a: Hop, Renounce Religion


You were on level 8 of the Dungeon.
You worshipped Ru.
Ru was noncommittal.
You were very hungry.

You visited 1 branch of the dungeon, and saw 7 of its levels.

You collected 183 gold pieces.

Inventory:

Hand Weapons
 a - a +1 short sword
 x - a +0 trident
   (You took it off an orc on level 3 of the Dungeon)
 D - a +2 vampiric trident (weapon)
   (You took it off an orc on level 4 of the Dungeon)
 E - a cursed -3 short sword
   (You found it on level 4 of the Dungeon)
Missiles
 k - 25 sling bullets
Armour
 n - a +2 cloak (worn)
   (You found it on level 1 of the Dungeon)
 B - a +0 chain mail (worn)
   (You found it on level 4 of the Dungeon)
Jewellery
 t - a cursed ring of teleportation {unknown}
   (You found it on level 2 of the Dungeon)
Wands
 b - a wand of iceblast (8)
   (You found it on level 3 of the Dungeon)
 c - a wand of flame (11)
 d - a wand of enslavement (12)
 e - a wand of random effects (15)
Scrolls
 h - a scroll of blinking {unknown}
 l - 2 scrolls of teleportation
 m - a scroll of magic mapping {unknown}
 o - a scroll of enchant weapon
 s - a scroll of immolation {unknown}
 z - a scroll of fog {unknown}
Potions
 g - a potion of lignification {unknown}
 i - 3 potions of curing
 j - 2 potions of flight
 p - a potion of might {unknown}
 q - a potion of invisibility
 r - a potion of haste {unknown}
 v - a potion of heal wounds {unknown}
 w - a potion of brilliance {unknown}
 A - a potion of mutation {unknown}
 F - a potion of degeneration {unknown}
Comestibles
 f - 5 rations


   Skills:
 - Level 7.0 Fighting
 - Level 1.1 Short Blades
 * Level 4.1 Polearms
 + Level 0.5 Armour
 - Level 3.3 Dodging
 - Level 0.8 Stealth
 - Level 3.2 Evocations


You had 6 spell levels left.
You didn't know any spells.
Your spell library contained the following spells:

 Spells                   Type           Power        Failure   Level  Hunger
 Corona                   Hex            #......      100%        1    ##.....
 Ensorcelled Hibernation  Hex/Ice        #.....       100%        2    ###....
 Confusing Touch          Hex            #.......     100%        3    ####...
 Dazzling Flash           Conj/Hex       #.....       100%        3    ####...
 Tukima's Dance           Hex            #.......     100%        3    ####...


Dungeon Overview and Level Annotations

Branches:
Dungeon (8/15)
 Temple: D:4-7         Lair: D:8-11

Altars:
Ru
Trog
Xom

Annotations:
D:2 2 transporters
D:8 Prince Ribbit


Innate Abilities, Weirdness & Mutations

You can be seen from farther away. (+LOS)
You can swim through water.
You cover ground slowly.
You can hop short distances.


Message History

A phantom comes into view.
A skeleton and 2 howler monkeys come into view.
The howler monkey howls! x2
The howler monkey hoots and howls with incredible vigour!
You hear a loud, deep croak!
You hear an angry hiss.
You hear a bark!
Found 16 gold pieces.
Prince Ribbit comes into view.
The howler monkey hoots and howls with incredible vigour!
You hear a shout!
You hear an angry hiss.
You hear a shout! x3
Found a stone staircase leading down.
Okay, then.
Unknown command.
You fade into invisibility!
A leopard gecko skeleton comes into view.
Prince Ribbit hits you.
You are very lightly contaminated with residual magic.
Unknown command.
Unknown command.
Your chain mail prevents you from hitting Prince Ribbit.
Prince Ribbit barely misses you.
The phantom hits you but does no damage.
The howler monkey hoots and howls with incredible vigour!
You hear a shout! x3
You catch the helpless howler monkey completely off-guard!
You puncture the howler monkey!
The howler monkey is heavily wounded.
Prince Ribbit barely misses you. Prince Ribbit hits you!
Prince Ribbit barely misses you.
Unknown command.
Found 13 gold pieces.
Prince Ribbit hits you.
There is a stone staircase leading down here.
Prince Ribbit hits you!
The phantom hits you but does no damage.
You climb downwards.
There is a stone staircase leading up here.
You closely miss Prince Ribbit. Prince Ribbit closely misses you.
The phantom hits you but does no damage.
Prince Ribbit barely misses you.
Unknown command.
You miss Prince Ribbit. Prince Ribbit hits you!
* * * LOW HITPOINT WARNING * * *
Prince Ribbit barely misses you.
Your chain mail prevents you from hitting Prince Ribbit.
Prince Ribbit hits you!
* * * LOW HITPOINT WARNING * * *
The phantom hits you.
You die...

#####+###
#.......#
#.......#
#.......#
#.......#
#.......###
#WF........
+.@........
#..........
#..........
###........
........
.....###
.....#
.....#
.....#


You could see Prince Ribbit and a phantom.

Vanquished Creatures
  A phantom (D:4)
  2 ogres (D:4)
  A bullfrog skeleton (D:5)
  An orc priest (D:4)
  A centaur skeleton (D:4)
  3 orc wizards (D:4)
  Terence (D:3)
  4 adders
  3 oozes
  An adder skeleton (D:4)
  5 worms
  2 dart slugs
  4 leopard geckos
  5 orcs
  3 ball pythons
  10 bats
  4 giant cockroaches
  4 goblins
  7 hobgoblins
  7 jackals
  A quokka (D:3)
  3 frilled lizards
  4 kobolds
  10 rats
87 creatures vanquished.

Vanquished Creatures (collateral kills)
  An adder (D:4)
  4 orcs (D:4)
  A jackal skeleton (D:4)
6 creatures vanquished.

Vanquished Creatures (others)
  2 worker ants (D:4)
2 creatures vanquished.

Grand Total: 95 creatures vanquished

Notes
Turn   | Place    | Note
-------+----------+-------------------------------------------
     0 | D:1      | Flugkiller the Barachi Artificer began the quest for the
                  | Orb.
     0 | D:1      | Reached XP level 1. HP: 15/15 MP: 3/3
   130 | D:1      | Reached skill level 2 in Fighting
   472 | D:1      | Reached XP level 2. HP: 19/23 MP: 4/4
   552 | D:1      | Reached skill level 3 in Fighting
  1089 | D:1      | Reached XP level 3. HP: 29/29 MP: 5/5
  1581 | D:2      | Reached skill level 4 in Fighting
  1952 | D:2      | Found a shimmering altar of Xom.
  1968 | D:2      | Reached XP level 4. HP: 33/38 MP: 6/6
  2004 | D:2      | Found a transporter.
  2005 | D:2      | Noticed an orc warrior
  2005 | D:2      | Noticed a hippogriff
  2008 | D:2      | Found a bloodstained altar of Trog.
  2026 | D:2      | Found a transporter.
  2546 | D:3      | Reached skill level 5 in Fighting
  2778 | D:3      | Noticed Terence
  2798 | D:3      | Killed Terence
  2798 | D:3      | Reached XP level 5. HP: 39/44 MP: 7/7
  2837 | D:3      | Found a sacrificial altar of Ru.
  2905 | D:3      | Became a worshipper of Ru the Awakened
  3238 | D:4      | Reached skill level 6 in Fighting
  3577 | D:4      | Noticed an ogre
  3604 | D:4      | Killed an ogre
  3604 | D:4      | Reached XP level 6. HP: 46/52 MP: 8/8
  3767 | D:4      | Noticed a phantom
  3781 | D:4      | Killed a phantom
  3846 | D:4      | Reached XP level 7. HP: 59/59 MP: 9/9
  4263 | D:4      | Reached skill level 7 in Fighting
  4466 | D:5      | Entered Level 5 of the Dungeon
  4506 | D:5      | You fall into a shaft and drop 2 floors!
  4508 | D:7      | Noticed Prince Ribbit
  4519 | D:8      | Slain by a phantom

Levels and vault maps discovered:
D:1:      giann_forest_graveyard, layout_rooms, minmay_crystal_water
D:2:      layout_loops_cross, gammafunk_temple_overflow_arena,
          old_standard_altar, hangedman_decor_growths
D:3:      layout_rooms, nicolae_ru_awakened_eye, uniq_terence
D:4:      layout_loops_ring, first_ration, gup_sewer_entry_bubbles,
          hangedman_decor_diamond_cutter
D:5:      layout_basic, moated_statue, fedhas_bush_and_centaur_altar
D:7:      layout_rooms, minmay_temple_entry_glass, grunt_ogre_cave,
          kennysheep_generic_room_4, uniq_duvessa, uniq_prince_ribbit1
D:8:      layout_gridville

Skill      XL: |  1  2  3  4  5  6  7 |
---------------+----------------------+-----
Fighting       | 2 3 4 5 6 7 |  7.0
Dodging        | 3 |  3.3
Polearms       | 2 3 4 |  4.1
Short Blades   | |  1.1
Armour         | |  0.5
Stealth        | |  0.8
Evocations     | |  3.2

Action                   |  1- 3 |  4- 6 |  7- 9 || total
-------------------------+-------+-------+-------++-------
Melee: Short sword       |   180 |    89 |       ||   269
       Trident           |       |   130 |    27 ||   157
 Abil: Hop               |       |     2 |     1 ||     3
Evoke: Wand              |     2 |     4 |     1 ||     7
  Use: Scroll            |     1 |     3 |     3 ||     7
       Potion            |       |       |     1 ||     1
 Stab: Sleeping          |       |     1 |       ||     1
       Invisible         |       |       |     1 ||     1
  Eat: Chunk             |     1 |     6 |     2 ||     9
       Ration            |     1 |       |       ||     1
Armor: Leather armour    |    72 |    16 |       ||    88
       Scale mail        |       |    63 |       ||    63
       Chain mail        |       |       |     4 ||     4
Dodge: Dodged            |   150 |   127 |    10 ||   287

Table legend:
 A = Non-vault XP
 B = Vault XP
 C = Vault XP percentage of total XP
 D = Non-vault monster count
 E = Vault monster count
 F = Vault count percentage of total count
                 A         B        C        D         E       F
            +---------+---------+-------+---------+---------+-------
      Total |     783 |      56 |   6.7 |      85 |       8 |   8.6
            +---------+---------+-------+---------+---------+-------
        D:1 |      36 |       0 |   0.0 |      20 |       0 |   0.0
        D:2 |      57 |       0 |   0.0 |      22 |       0 |   0.0
        D:3 |      71 |      36 |  33.6 |      22 |       1 |   4.3
        D:4 |     574 |      20 |   3.4 |      20 |       7 |  25.9
        D:5 |      45 |       0 |   0.0 |       1 |       0 |   0.0
            +---------+---------+-------+---------+---------+-------
